 Dungeon Crawl Stone Soup version 0.27-a0-1273-gec92ba881d (webtiles) character file.

Game seed: 13825056840758321642

51 mordus the Skirmisher (level 3, -1/33 HPs)
             Began as a Draconian Monk on June 11, 2021.
             Slain by a goblin
             ... wielding a +0 club
             ... led by Robin
              (2 damage)
             ... on level 2 of the Dungeon.
             The game lasted 00:01:33 (1630 turns).

mordus the Skirmisher (Draconian Monk)              Turns: 1630, Time: 00:01:33

Health: -1/33      AC:  5    Str: 14    XL:     3   Next: 58%
Magic:  3/3        EV: 10    Int: 10    God:
Gold:   48         SH:  8    Dex: 19    Spells: 2/2 levels left

rFire    . . .     SeeInvis .   a - +0 spear
rCold    . . .     Faith    .   b - +0 kite shield
rNeg     . . .     Spirit   .   (armour unavailable)
rPois    .         Reflect  .   (helmet restricted)
rElec    .         Harm     .   (no cloak)
rCorr    .         Rampage  .   (no gloves)
Will     .....                  (no boots)
Stlth    ++........             (no amulet)
HPRegen  0.11/turn              g - +6 ring of dexterity
MPRegen  0.08/turn              (no ring)

@: no status effects
A: AC +5, unfitting armour, cold-blooded
a: no special abilities


You were on level 2 of the Dungeon.
You visited 1 branch of the dungeon, and saw 2 of its levels.

You collected 48 gold pieces.

Inventory:

Hand Weapons
 a - a +0 spear (weapon)
Missiles
 f - 2 throwing nets (quivered)
Armour
 b - a +0 kite shield (worn)
Jewellery
 c - a ring of ice
 g - a +6 ring of dexterity (left hand)
Scrolls
 e - a scroll of torment {unknown}
 i - a scroll of blinking {unknown}
Potions
 d - a potion of invisibility {unknown}
 h - a potion of brilliance {unknown}


   Skills:
 + Level 3.7 Fighting
 * Level 3.7 Polearms
 + Level 3.0 Dodging
 - Level 1.7 Stealth
 * Level 1.2 Shields


You had 2 spell levels left.
You didn't know any spells.
Your spell library contained the following spells:

 Spells                   Type           Power      Damage    Failure   Level
 Animate Skeleton         Necr           0%         N/A       92%         1
 Pain                     Necr           0%         1d4       92%         1
 Vampiric Draining        Necr           0%         2d6       100%        3
 Animate Dead             Necr           0%         N/A       100%        4
 Agony                    Necr           0%         N/A       100%        5


Dungeon Overview and Level Annotations

Branches:
Dungeon (2/15)

Altars:

Shops:
D:2 (

Annotations:
D:2 Robin


Innate Abilities, Weirdness & Mutations

Your plain brown scales are hard. (AC +5)
You cannot fit into any form of body armour.
You are cold-blooded and may be slowed by cold attacks.


Message History

You closely miss the goblin. You block the goblin's attack.
You hit the goblin.
You kill the goblin!
The goblin shoots a stone.
The stone hits you but does no damage. You block the goblin's attack.
You closely miss the goblin. The goblin hits you but does no damage.
Robin throws the goblin at you!
You closely miss the goblin.
Your tail-slap misses the goblin.
You block the goblin's attack.
The goblin unwields a +0 hunting sling.
The goblin wields a +0 dagger.
The goblin hits you but does no damage.
You barely miss the goblin. You tail-slap the goblin.
The goblin is severely wounded.
The goblin misses you. The goblin hits you but does no damage.
Robin roars a battlecry!
The goblins go into a battle-frenzy!
You miss the goblin.
The goblin is severely wounded.
You block the goblin's attack. The goblin hits you with a +0 dagger.
The goblin hits you with a +0 club.
* * * LOW HITPOINT WARNING * * *
You completely miss the goblin.
Your tail-slap misses the goblin.
The goblin is severely wounded.
The goblin hits you with a +0 dagger.
* * * LOW HITPOINT WARNING * * *
You block the goblin's attack. x2
You barely miss the goblin.
The goblin is severely wounded.
The goblin hits you with a +0 club.
* * * LOW HITPOINT WARNING * * *
The goblin hits you with a +0 dagger.
* * * LOW HITPOINT WARNING * * *
You closely miss the goblin.
The goblin is severely wounded.
The goblin closely misses you. The goblin hits you with a +0 dagger.
* * * LOW HITPOINT WARNING * * *
Okay, then.
You barely miss the goblin.
The goblin is severely wounded.
The goblin hits you with a +0 club.
You die...

.... #.##......###.
###.###)#####.##..........
........$.†...............
##.###†......##..###....#
#.########..# #....# #g#
#.<# #....# #.# #..#
#..###
#.########..###..##.
#gg@g...............
#..########..####.##. #..#
######..####.##. .....
................ ......
........####.... ####...
................
#..########..#....... #..
#..#.##.##. #..#.##.###


You could see Robin and 2 goblins.

Vanquished Creatures
  An adder (D:2)
  5 bats
  An endoplasm (D:1)
  2 giant cockroaches
  8 goblins
  3 hobgoblins
  4 jackals (D:1)
  4 kobolds
  A ball python (D:1)
  5 frilled lizards
  4 rats (D:1)
38 creatures vanquished.

Notes
Turn   | Place    | Note
-------+----------+-------------------------------------------
     0 | D:1      | mordus the Draconian Monk began the quest for the Orb.
     0 | D:1      | Reached XP level 1. HP: 19/19 MP: 1/1
   121 | D:1      | Reached XP level 2. HP: 19/26 MP: 2/2
   934 | D:1      | Found a faded altar of an unknown god.
  1326 | D:2      | Found Gatwalam's Antique Weapon Boutique.
  1356 | D:2      | Reached XP level 3. HP: 31/31 MP: 3/3
  1590 | D:2      | Reached skill level 1 in Shields
  1593 | D:2      | Noticed Robin
  1629 | D:2      | HP: 1/33 [goblin/+0 dagger[Robin] (2)]
  1630 | D:2      | Slain by a goblin

Illustrated notes

Levels and vault maps discovered:
D:1:      nicolae_arrival_washed_ashore, layout_basic,
          hellmonk_ecumenical_altar_zigzags, serial_bayou_crossing
D:2:      layout_basic, serial_shops, nicolae_shop_overgrown_old_shop,
          kennysheep_generic_room_3, uniq_robin

Skill      XL: |  1  2  3 |
---------------+----------+-----
Dodging        | 3 |  3.0
Shields        | 1 |  1.2
Fighting       | |  3.7
Polearms       | |  3.7
Stealth        | |  1.7

Action                   || total
-------------------------++-------
Melee: Spear             ||   116
       Tailslap          ||     9
 Stab: Sleeping          ||     6
Armor: Skin              ||    39
Dodge: Dodged            ||    45
Block: Kite shield       ||    33

Table legend: (Time is in decaauts)
 A = Elapsed time spent in this place.
 B = Non-inter-level travel time spent in this place.
 C = Inter-level travel time spent in this place.
 D = Time resting spent in this place.
 E = Time spent auto-exploring this place.
 F = Levels seen in this place.
 G = Mean time per level.
                   A        B        C        D        E       F      G
               +--------+--------+--------+--------+--------+-----+--------+
         Total |   1651 |   1597 |     54 |    150 |   1203 |   2 |  825.5 |
       Dungeon |   1651 |   1597 |     54 |    150 |   1203 |   2 |  825.5 |
               +--------+--------+--------+--------+--------+-----+--------+

Top non-repeatable levels by time:
     D:1: 1229 daAuts
     D:2: 422 daAuts
